 Dungeon Crawl Stone Soup version 0.19.4-10-g532645f (webtiles) character file.

105170 JeffiDaFish the Protected (level 16, 0/107 HPs)
             Began as a Gargoyle Fighter on Feb 22, 2017.
             Was the Champion of Okawaru.
             Killed by divine providence
             ... invoked by Saint Roka
              (14 damage)
             ... on level 2 of the Orcish Mines.
             The game lasted 01:04:35 (24243 turns).

JeffiDaFish the Protected (Gargoyle Fighter)       Turns: 24243, Time: 01:04:36

Health: 0/107      AC: 39    Str: 30 (34) XL:     16   Next: 40%
Magic:  22/22      EV:  8    Int:  9 (11) God:    Okawaru [******]
Gold:   1869       SH: 15    Dex: 15 (16) Spells: 1 memorised, 20 levels left

rFire  . . .     SeeInvis +     A - +9 eveningstar (crush)
rCold  . . .     Gourm    .     j - +1 plate armour of Perpetual Drought {Str+6}
rNeg   + . .     Faith    .     c - +0 shield
rPois  ∞         Spirit   .     u - +0 helmet
rElec  +         Reflect  .     i - +2 cloak
rCorr  .         Harm     .     C - +1 pair of gloves {Dex+3}
MR     ++...                    B - +1 pair of boots "Wissip" {Int+2}
Stlth  ..........               L - amulet "Qasas" {RegenMP rPois Slay+5}
                                K - ring of protection from magic
                                p - ring of see invisible

@: mighty, flying, hasted, very quick
A: big wings, deterioration 2, negative energy resistance 1, electricity
resistance, wild magic 1, unbreathing, evolution 1, petrification resistance,
rot immunity, AC +11
a: Stop Flying, Heroism, Finesse, Renounce Religion


You were on level 2 of the Orcish Mines.
You worshipped Okawaru.
Okawaru was exalted by your worship.
You were not hungry.

You visited 4 branches of the dungeon, and saw 24 of its levels.
You also visited: Volcano.

You collected 2184 gold pieces.
You spent 315 gold pieces at shops.

Inventory:

Hand Weapons
 m - the +8 whip "Snakebite" {curare, rPois}
   (You found it on level 3 of the Lair of Beasts)

   It poisons the flesh of those it strikes.
   It protects you from poison.
 A - a +9 eveningstar of crushing (weapon)
Armour
 c - a +0 shield (worn)
 i - a +2 cloak (worn)
 j - the +1 plate armour of Perpetual Drought (worn) {Str+6}
   (Okawaru gifted it to you on level 11 of the Dungeon)

   It affects your strength (+6).
 u - a +0 helmet (worn)
 B - the +1 pair of boots "Wissip" (worn) {Int+2}
   (You acquired it on level 9 of the Dungeon)

   It affects your intelligence (+2).
 C - a +1 pair of gloves of dexterity (worn)
Jewellery
 p - a ring of see invisible (left hand)
 K - a ring of protection from magic (right hand)
 L - the amulet "Qasas" (around neck) {RegenMP rPois Slay+5}
   (You acquired it on level 12 of the Dungeon)

   [amulet of magic regeneration]

   It increases your magic regeneration.
   It affects your accuracy and damage with ranged weapons and melee attacks
   (+5).
   It protects you from poison.
Wands
 e - a wand of heal wounds (4/9)
Scrolls
 a - 3 scrolls of teleportation
 d - 6 scrolls of amnesia
 g - 5 scrolls of fog
 h - 17 scrolls of identify
 t - 4 scrolls of fear
 w - 3 scrolls of blinking
 y - 7 scrolls of remove curse
 z - 4 scrolls of magic mapping
 H - a scroll of recharging
Potions
 n - 2 potions of cancellation
 r - 3 potions of resistance
 x - 3 potions of agility
 F - a potion of invisibility
 I - a potion of berserk rage
 J - a potion of haste
 M - a potion of brilliance
Books
 l - a book of Air

   Spells                             Type                      Level
   a - Shock                          Conjuration/Air              1
   b - Swiftness                      Charms/Air                   2
   c - Repel Missiles                 Charms/Air                   2
   d - Static Discharge               Conjuration/Air              3
   e - Lightning Bolt                 Conjuration/Air              5
 v - a book of Conjurations

   Spells                             Type                      Level
   a - Magic Dart                     Conjuration                  1
   b - Searing Ray                    Conjuration                  2
   c - Dazzling Spray                 Conjuration/Hexes            3
   d - Fulminant Prism                Conjuration/Hexes            4
   e - Iskenderun's Mystic Blast      Conjuration                  4
   f - Iskenderun's Battlesphere      Conjuration/Charms           5
Comestibles
 b - 16 meat rations
 f - 19 bread rations
 k - 10 beef jerkies
 q - 26 chunks of flesh
 s - 2 slices of pizza
 D - 2 royal jellies
 G - 13 fruits


   Skills:
 * Level 14.5 Fighting
 * Level 14.3 Maces & Flails
 * Level 14.8 Armour
 - Level 0.5 Dodging
 - Level 0.5 Stealth
 * Level 14.6 Shields
 + Level 4.0 Spellcasting
 + Level 5.0 Conjurations
 + Level 3.7 Air Magic
 + Level 5.0 Poison Magic


You had 20 spell levels left.
You knew the following spells:

 Your Spells              Type           Power        Failure   Level  Hunger
a - Mephitic Cloud        Conj/Pois/Air  ##......     82%         3    ###....


Dungeon Overview and Level Annotations

Branches:
Dungeon (15/15)            Temple (1/1) D:7            Lair (6/6) D:11
  Swamp (0/4) Lair:2        Snake (0/4) Lair:2        Slime (0/5) Lair:6
    Orc (2/2) D:9          Vaults (0/5) D:14         Depths (0/5) D:15
    Elf: Orc:2

Altars:
Ashenzari
Cheibriados
Dithmenos
Elyvilon
Fedhas
Gozag
Hepliaklqana
Kikubaaqudgha
Makhleb
Nemelex Xobeh
Okawaru
Qazlal
Ru
Trog
Uskayaw
Vehumet
Yredelemnul
Zin
The Shining One
Beogh

Shops:
D:4 :   Orc:2 [?

Annotations:
Orc:2 Saint Roka


Innate Abilities, Weirdness & Mutations

You are resistant to torment.
Your stone body is resilient. (AC +11)
You are immune to poison.
Your large and strong wings let you fly indefinitely.
You resist negative energy. (rN+)
You are resistant to electric shocks. (rElec)
You can survive without breathing.
You are immune to petrification.
You are immune to rotting.
Your body often deteriorates upon taking damage.
Your spells are a little harder to cast, but a little more powerful.
You evolve.


Message History

* * * LOW HITPOINT WARNING * * *
Your body deteriorates!
You feel weakened.
The orc warrior hits you but does no damage.
An orc comes into view. It is wielding a hand axe.
The orc shouts!
You hear a shout! x2
Items here: ))) [[ †††† You impale the orc!!
You kill the orc!
You block the orc's attack.
Saint Roka invokes the aid of Beogh against you.
Beogh smites you!
* * * LOW HITPOINT WARNING * * *
Your body deteriorates!
You feel dopey.
The orc priest looks braver for a moment.
You block the orc warrior's attack.
You feel yourself speed up. You block the orc's attack.
Saint Roka says, "Down here, you're an orc or you're nobody."
Saint Roka invokes the aid of Beogh against you.
Beogh smites you!
You die... ...#. o..' o.o# # o..## #. ooo8# #..### ooo.#

# #...##oo'##..
##########)@)ooo...#
##......#####o8.8.##.
##..#####..###.)..##
#..##...##..##...##
#.##.....##.....##
#.#.......#....##
#.#∩._8...'.....#
#.#.......#)))..#
#.##.....##))).##


You could see Saint Roka, an orc warrior, 2 orc priests, an orc wizard and 4
orcs.

Vanquished Creatures
  Kirke (Lair:5)
  Nessos (Lair:5)
  2 entropy weavers (Lair:6)
  A red draconian (Volcano)
  A dire elephant (D:15)
  A fire dragon (Lair:6)
  An ogre mage (Volcano)
  Josephine (Lair:4)
  12 hydras
  Erolcha (Orc:2)
  Fannar (Orc:1)
  A rakshasa (D:15)
  A catoblepas (Lair:5)
  Erica (D:11)
  4 centaur warriors
  2 dancing weapons (D:14)
  A queen ant (Lair:6)
  A death knight (D:14)
  3 tengu warriors
  A spriggan (Lair:3)
  Nergalle (Lair:4)
  3 skeletal warriors (D:14)
  An unseen horror (D:10)
  3 hill giants
  A phantasmal warrior (D:14)
  2 lindwurms (Lair:6)
  An orc sorcerer (Orc:2)
  3 deep elf magi
  An orc knight (D:15)
  An oklob plant (Lair:3)
  6 cyclopes
  A wolf spider (shapeshifter) (D:14)
  A wolf spider (D:15)
  8 ugly things
  A salamander (D:15)
  5 manticores
  3 centaur zombies
  4 elephants (Lair:5)
  Maurice (Orc:2)
  9 black mambas
  2 gargoyles
  8 spiny frogs
  3 molten gargoyles (Lair:6)
  A freezing wraith (D:14)
  2 kobold demonologists (D:12)
  An efreet (D:15)
  A rime drake (Lair:5)
  15 komodo dragons
  The ghost of VictoriousLee the Cleaver, an amateur HOMo (D:4)
  5 trolls
  A two-headed ogre (shapeshifter) (D:14)
  A polar bear (D:8)
  8 two-headed ogres
  23 blink frogs
  16 slime creatures
  A merfolk (D:9)
  A hornet (Lair:3)
  10 hippogriffs
  7 dream sheep (Lair:6)
  A centaur simulacrum (D:15)
  43 yaks
  3 shadows
  8 wraiths
  7 wyverns
  The ghost of SamTheNyx the Covert, an amateur FeBe of Trog (D:5)
  3 fire bats (Lair:4)
  A hog (Lair:5)
  A golden eye (shapeshifter) (D:14)
  A hog (shapeshifter) (D:15)
  5 hungry ghosts
  7 vampire mosquitoes
  2 steam dragons (Lair:6)
  A basilisk (Lair:6)
  A mottled dragon (D:14)
  5 wargs
  6 soldier ants
  4 hell hounds (Lair:6)
  21 water moccasins
  2 black bears (Lair:4)
  5 porcupines
  10 ice beasts
  24 orc warriors
  8 sky beasts
  A hornet zombie (D:14)
  A necrophage (D:11)
  An eye of draining (D:15)
  20 wolves
  21 centaurs
  10 ogres
  14 crocodiles
  21 bullfrogs
  4 big kobolds
  A wyvern skeleton (D:14)
  4 scorpions
  29 killer bees
  2 howler monkeys
  6 electric eels
  7 crimson imps
  3 bullfrog zombies
  5 lava snakes (Lair:6)
  19 orc priests
  10 hounds
  6 jellies
  A wyvern simulacrum (D:8)
  22 orc wizards
  3 centaur skeletons
  5 bullfrog skeletons
  5 iguanas
  18 worker ants
  A killer bee zombie (D:7)
  A bullfrog simulacrum (D:8)
  2 hound skeletons
  4 gnolls
  12 adders
  A howler monkey skeleton (D:7)
  2 shadow imps
  A worker ant simulacrum (D:8)
  2 ufetubi (D:8)
  An adder zombie (D:9)
  4 adder skeletons
  A worm (D:2)
  A dart slug (D:4)
  7 leopard geckos
  90 orcs
  14 bats
  5 giant cockroaches
  11 goblins
  16 hobgoblins
  3 jackals (D:6)
  4 quokkas
  5 ball pythons
  A frilled lizard (D:1)
  A jackal skeleton (D:4)
  33 kobolds
  A quokka skeleton (D:6)
  7 rats
841 creatures vanquished.

Vanquished Creatures (collateral kills)
  A steam dragon (D:11)
  A big kobold (D:11)
  An iguana (D:11)
  A kobold (D:11)
4 creatures vanquished.

Vanquished Creatures (others)
  A human (Lair:5)
  A basilisk (Lair:6)
  A bullfrog (D:8)
  A kobold (D:8)
  A fungus (Lair:6)
  20 plants
25 creatures vanquished.

Grand Total: 870 creatures vanquished

Notes
Turn   | Place    | Note
-------+----------+-------------------------------------------
     0 | D:1      | JeffiDaFish the Gargoyle Fighter began the quest for the Orb.
     0 | D:1      | Reached XP level 1. HP: 14/14 MP: 1/1
   128 | D:1      | Reached XP level 2. HP: 19/19 MP: 2/2
   720 | D:2      | Reached XP level 3. HP: 19/23 MP: 3/3
  1240 | D:3      | Reached XP level 4. HP: 28/28 MP: 4/4
  1316 | D:3      | Learned a level 3 spell: Mephitic Cloud
  1866 | D:4      | Reached XP level 5. HP: 29/32 MP: 5/5
  1878 | D:4      | Noticed VictoriousLee's ghost (amateur HOMo)
  1916 | D:4      | Reached skill level 5 in Maces & Flails
  1916 | D:4      | Reached XP level 6. HP: 12/38 MP: 6/6
  1949 | D:4      | Killed VictoriousLee's ghost
  1949 | D:4      | Reached XP level 7. HP: 6/42 MP: 7/7
  2696 | D:4      | Found Qoxaxun's Book Emporium.
  2781 | D:5      | Entered Level 5 of the Dungeon
  2952 | D:5      | Found a stormy altar of Qazlal.
  2958 | D:5      | Noticed SamTheNyx's ghost (amateur FeBe)
  3263 | D:5      | Killed SamTheNyx's ghost
  3263 | D:5      | Reached skill level 5 in Armour
  3263 | D:5      | Reached skill level 5 in Shields
  3263 | D:5      | Reached XP level 8. HP: 19/48 MP: 8/8
  3498 | D:5      | Found a glowing golden altar of the Shining One.
  3498 | D:5      | Found a hazy altar of Hepliaklqana.
  3833 | D:5      | Reached skill level 5 in Fighting
  4222 | D:5      | Found a basalt altar of Yredelemnul.
  4222 | D:5      | Found a bloodstained altar of Trog.
  4736 | D:6      | Reached XP level 9. HP: 55/55 MP: 9/9
  6021 | D:7      | Found a staircase to the Ecumenical Temple.
  6027 | Temple   | Entered the Ecumenical Temple
  6085 | Temple   | Became a worshipper of Warmaster Okawaru
  7265 | D:8      | Reached * piety under Okawaru
  7273 | D:8      | Reached XP level 10. HP: 63/63 MP: 10/10
  7491 | D:8      | Reached ** piety under Okawaru
  8577 | D:9      | Identified a scroll of acquirement
  8633 | D:9      | Reached *** piety under Okawaru
  8777 | D:9      | Found an ancient bone altar of Kikubaaqudgha.
  9277 | D:9      | Reached XP level 11. HP: 68/69 MP: 11/11
  9676 | D:9      | Found a staircase to the Orcish Mines.
  9984 | D:9      | Got a pair of ichor-stained boots
  9995 | D:9      | Identified the +1 pair of boots "Wissip" {Int+2} (You acquired it on level 9 of the Dungeon)
 10030 | D:10     | Entered Level 10 of the Dungeon
 10085 | D:10     | Reached **** piety under Okawaru
 10085 | D:10     | Reached skill level 10 in Maces & Flails
 10132 | D:10     | Identified the +7 hand axe of Instinct {speed, *Contam *Noise rF+++ rC+++} (You found it on level 10 of the Dungeon)
 10239 | D:10     | Identified the +8 great sword of Wisdom {slice, rElec Str+3} (You found it on level 10 of the Dungeon)
 10312 | D:10     | Noticed a deep elf mage
 10330 | D:10     | Killed a deep elf mage
 10488 | D:10     | Noticed an unseen horror
 10499 | D:10     | Killed an unseen horror
 10499 | D:10     | Reached ***** piety under Okawaru
 10499 | D:10     | Reached skill level 10 in Armour
 10654 | D:11     | Reached skill level 10 in Shields
 10731 | D:11     | Noticed Erica
 10746 | D:11     | Killed Erica
 10833 | D:11     | Reached skill level 10 in Fighting
 11037 | D:11     | Reached XP level 12. HP: 33/77 MP: 12/12
 11307 | D:11     | Found a staircase to the Lair.
 11497 | D:11     | Noticed an eight-headed hydra
 11505 | D:11     | Killed an eight-headed hydra
 11505 | D:11     | Received a gift from Okawaru
 11518 | D:11     | Got a crude plate armour {god gift}
 11529 | D:11     | Identified the +1 plate armour of Perpetual Drought {Str+6} (Okawaru gifted it to you on level 11 of the Dungeon)
 11763 | Lair:1   | Entered Level 1 of the Lair of Beasts
 12411 | Lair:2   | Found a staircase to the Swamp.
 12462 | Lair:2   | Found a staircase to the Snake Pit.
 12781 | Lair:2   | Reached ****** piety under Okawaru
 12936 | Lair:2   | Gained mutation: You are resistant to hostile enchantments. (MR+) [potion of mutation]
 12936 | Lair:2   | Gained mutation: Your large and strong wings let you fly indefinitely. [potion of mutation]
 12936 | Lair:2   | Gained mutation: You evolve. [potion of mutation]
 13125 | Lair:2   | Noticed a five-headed hydra
 13134 | Lair:2   | Killed a five-headed hydra
 13364 | Lair:3   | Noticed a spriggan rider
 13375 | Lair:3   | Killed a spriggan rider
 13566 | Lair:3   | Received a gift from Okawaru
 13571 | Lair:3   | Identified the +3 buckler of the Fiddle {rF+ rC+ rN+} (Okawaru gifted it to you on level 3 of the Lair of Beasts)
 13672 | Lair:3   | Noticed a four-headed hydra
 13679 | Lair:3   | Killed a four-headed hydra
 13679 | Lair:3   | Reached XP level 13. HP: 80/84 MP: 13/13
 14062 | Lair:3   | Gained mutation: Your body sometimes deteriorates upon taking damage. [evolution]
 14318 | Lair:4   | Found a dark tunnel.
 14329 | Volcano  | Entered a volcano
 14345 | Volcano  | Noticed an ogre mage
 14348 | Volcano  | Found a radiant altar of Vehumet.
 14349 | Volcano  | Noticed a red draconian
 14363 | Volcano  | Killed an ogre mage
 14373 | Volcano  | Killed a red draconian
 14942 | Lair:4   | Noticed Josephine
 14956 | Lair:4   | Killed Josephine
 14956 | Lair:4   | Received a gift from Okawaru
 14996 | Lair:4   | Identified the +4 chain mail of the Peasants {rF+} (Okawaru gifted it to you on level 4 of the Lair of Beasts)
 15156 | Lair:4   | Noticed Nergalle
 15169 | Lair:4   | Killed Nergalle
 15223 | Lair:4   | Gained mutation: Your body often deteriorates upon taking damage. [evolution]
 15678 | Lair:5   | Noticed Nessos
 15690 | Lair:5   | Noticed Kirke
 15744 | Lair:5   | Killed Kirke
 15744 | Lair:5   | Mutation became permanent: Your large and strong wings let you fly indefinitely. [Gargoyle growth]
 15744 | Lair:5   | Reached XP level 14. HP: 53/92 MP: 14/14
 15749 | Lair:5   | Killed Nessos
 16313 | Lair:5   | Got a pair of pitted gloves
 16324 | Lair:5   | Identified the -1 pair of gloves of the Hart {MR++ rCorr Stlth-} (You acquired it on level 5 of the Lair of Beasts)
 16382 | Lair:6   | Entered Level 6 of the Lair of Beasts
 16408 | Lair:5   | Received a gift from Okawaru
 16458 | Lair:5   | Reached skill level 1 in Poison Magic
 16724 | Lair:6   | Reached skill level 1 in Conjurations
 17046 | Lair:6   | Reached skill level 1 in Air Magic
 17059 | Lair:6   | Reached skill level 1 in Spellcasting
 17149 | Lair:6   | Noticed an entropy weaver
 17154 | Lair:6   | Killed an entropy weaver
 17220 | Lair:6   | Found a staircase to the Slime Pits.
 17545 | Lair:6   | Noticed an entropy weaver
 18119 | Lair:6   | Received a gift from Okawaru
 18378 | Lair:6   | Killed an entropy weaver
 18540 | Lair:6   | Found a large runed door.
 18599 | Lair:6   | Gained mutation: Your spells are a little harder to cast, but a little more powerful. [evolution]
 18635 | Lair:6   | Reached XP level 15. HP: 82/99 MP: 18/18
 18714 | Lair:6   | Found a large runed door.
 19144 | Lair:6   | Received a gift from Okawaru
 19612 | D:12     | Got a slimy diamond amulet
 19614 | D:12     | Identified the amulet "Qasas" {RegenMP rPois Slay+5} (You acquired it on level 12 of the Dungeon)
 20728 | D:13     | Found a blossoming altar of Fedhas.
 20741 | D:13     | Received a gift from Okawaru
 21458 | D:14     | Found a gate to the Vaults.
 21790 | D:14     | Received a gift from Okawaru
 22133 | D:15     | Entered Level 15 of the Dungeon
 22460 | D:15     | Lost mutation: You are resistant to hostile enchantments. (MR+) [evolution]
 22463 | D:15     | Reached XP level 16. HP: 102/106 MP: 21/21
 22594 | D:15     | Found a staircase to the Depths.
 23623 | Orc:1    | Entered Level 1 of the Orcish Mines
 23652 | Orc:1    | Noticed Fannar
 23664 | Orc:1    | Killed Fannar
 23836 | Orc:2    | Entered Level 2 of the Orcish Mines
 23871 | Orc:2    | Noticed Maurice
 23876 | Orc:2    | Noticed Erolcha
 23889 | Orc:2    | Killed Maurice
 23934 | Orc:2    | Killed Erolcha
 23934 | Orc:2    | Reached skill level 5 in Poison Magic
 23950 | Orc:2    | Found Tarer's Magic Scroll Shop.
 23955 | Orc:2    | Found a roughly hewn altar of Beogh.
 24049 | Orc:2    | Received a gift from Okawaru
 24062 | Orc:2    | Reached skill level 5 in Conjurations
 24073 | Orc:2    | Found a roughly hewn altar of Beogh.
 24136 | Orc:2    | Bought a scroll of enchant armour for 105 gold pieces
 24136 | Orc:2    | Bought a scroll of enchant weapon for 105 gold pieces
 24136 | Orc:2    | Bought a scroll of enchant weapon for 105 gold pieces
 24181 | Orc:2    | Found Siag Kic's Armour Shop.
 24215 | Orc:2    | Noticed Saint Roka
 24243 | Orc:2    | Killed from afar by Saint Roka

Skill      XL: |  1  2  3  4  5  6  7  8  9 10 11 12 13 14 15 16 |
---------------+-------------------------------------------------+-----
Maces & Flails | 3 5 6 7 8 9 10 11 12 13 14 | 14.3
Armour         | 4 5 6 7 9 10 11 13 14 | 14.8
Shields        | 4 5 6 7 9 10 11 13 14 | 14.6
Fighting       | 4 5 7 8 10 11 12 13 14 | 14.5
Poison Magic   | 3 4 5 |  5.0
Conjurations   | 2 4 5 |  5.0
Air Magic      | 2 3 |  3.7
Spellcasting   | 2 3 4 |  4.0
Dodging        | |  0.5
Stealth        | |  0.5

Action                   |  1- 3 |  4- 6 |  7- 9 | 10-12 | 13-15 | 16-18 || total
-------------------------+-------+-------+-------+-------+-------+-------++-------
Melee: Flail             |   111 |    50 |    18 |       |       |       ||   179
       Whip              |     9 |    65 |       |       |    68 |       ||   142
       Morningstar       |       |       |   510 |   186 |       |       ||   696
       Eveningstar       |       |       |       |   669 |  1304 |   224 ||  2197
 Abil: Fly               |       |       |       |       |       |     1 ||     1
  Use: Scroll            |     9 |     3 |    11 |     8 |    15 |     3 ||    49
       Potion            |     3 |     3 |     8 |     3 |    11 |     3 ||    31
 Stab: Distracted        |       |       |       |     1 |       |       ||     1
       Petrified         |       |       |       |       |     5 |       ||     5
  Eat: Chunk             |     1 |     3 |    14 |    30 |    29 |     6 ||    83
       Bread ration      |       |       |     1 |       |       |       ||     1
       Fruit             |       |       |       |       |     2 |       ||     2
Armor: Scale mail        |    64 |       |       |       |       |       ||    64
       Chain mail        |    14 |     2 |       |       |       |       ||    16
       Plate armour      |       |    99 |   696 |   649 |   921 |   105 ||  2470
Dodge: Dodged            |    28 |    16 |   130 |   238 |   385 |    46 ||   843
Block: Shield            |    69 |    44 |   490 |   604 |  1080 |   142 ||  2429
